 Dungeon Crawl Stone Soup version 0.29.0-4-gdea44cf6ec (webtiles) character file.

Game seed: 16931825487699113839

342 qw the Chopper (level 6, 0/36 HPs)
             Began as a Tengu Warper on Aug 28, 2022.
             Was an Initiate of Okawaru.
             Slain by Grinder (5 damage)
             ... on level 4 of the Dungeon.
             The game lasted 00:00:24 (4583 turns).

qw the Chopper (Tengu Warper)                       Turns: 4583, Time: 00:00:25

Health: 0/36       AC:  8    Str: 14    XL:     6   Next: 57%
Magic:  10/10      EV:  7    Int: 13    God:    Okawaru [......]
Gold:   74         SH:  0    Dex: 13    Spells: 9/9 levels left

rFire   . . .      SeeInvis .   Y - +0 hand axe
rCold   . . .      Faith    .   (no shield)
rNeg    . . .      Spirit   .   g - +0 chain mail
rPois   .          Reflect  .   (helmet restricted)
rElec   .          Harm     .   (no cloak)
rCorr   +          Rampage  .   (no gloves)
Will    .....                   (boots unavailable)
Stlth   ..........              (no amulet)
HPRegen 0.12/turn               i - ring of resist corrosion
MPRegen 0.12/turn               (no ring)

@: flying quickly and evasively, quick
A: beak, talons 3, nimble flight
a: Renounce Religion


You were on level 4 of the Dungeon.
You worshipped Okawaru.
Okawaru was noncommittal.
You visited 2 branches of the dungeon, and saw 5 of its levels.

You collected 146 gold pieces.
You spent 72 gold pieces at shops.


Innate Abilities, Weirdness & Mutations

You have a beak for a mouth.
You have claws for feet.
Your magical nature lets you fly swiftly and evasively.


   Skills:
 - Level 2.8 Fighting
 - Level 7.0 Axes
 - Level 1.0 Throwing
 + Level 1.2 Armour
 - Level 2.1 Dodging
 - Level 2.0 Spellcasting
 - Level 2.4 Translocations


You had 9 spell levels left.
You didn't know any spells.
Your spell library contained the following spells:

 Spells                   Type           Power      Damage    Failure   Level
 Blink                    Tloc           14%        N/A       99%         2
 Gell's Gravitas          Tloc           7%         N/A       100%        3
 Lesser Beckoning         Tloc           7%         N/A       100%        3
 Teleport Other           Tloc           7%         N/A       100%        3
 Manifold Assault         Tloc           7%         N/A       100%        5

Inventory:

Hand Weapons
 j - a +0 flail
 Y - a +0 hand axe (weapon)
Missiles
 n - a silver javelin (quivered)
Armour
 g - a +0 chain mail (worn)
Jewellery
 i - a ring of resist corrosion (left hand)
Scrolls
 o - a scroll of identify
Potions
 b - a potion of mutation {unknown}
 c - a potion of resistance {unknown}
 d - a potion of curing {unknown}
 f - a potion of haste {unknown}
 h - a potion of attraction {unknown}
 k - a potion of invisibility {unknown}
 m - a potion of magic {unknown}

Dungeon Overview and Level Annotations

Branches:
Dungeon (4/15)             Temple (1/1) D:4

Altars:
Ashenzari
Cheibriados
Dithmenos
Elyvilon
Fedhas
Gozag
Hepliaklqana
Kikubaaqudgha
Nemelex Xobeh
Okawaru
Qazlal
Ru
Sif Muna
Trog
Uskayaw
Vehumet
Wu Jian
Xom
Yredelemnul
Zin
The Shining One

Shops:
D:3 [

Annotations:
D:3 1 runed translucent door, Crazy Yiuf
D:4 Grinder


Message History

You reach down and open the door.
There is an open door here.
Found a stone staircase leading down.
Enter note:
There is a stone staircase leading down here.
Grinder comes into view.
Grinder says, "Just stop there for a second..."
Grinder blinks!
4568 ||| Stepping ~*~*~tactically~*~*~ (hiding).
You start waiting.
Grinder is nearby!
4570 ||| Stepping ~*~*~tactically~*~*~ (hiding).
Found a murky dark potion.
Grinder hits you!
You writhe in agony.
You hit Grinder.
Grinder is lightly wounded.
Grinder blinks!
You start resting.
Grinder is nearby!
4575 ||| Stepping ~*~*~tactically~*~*~ (hiding).
4576 ||| Stepping ~*~*~tactically~*~*~ (hiding).
Found a stone staircase leading up.
Enter note:
Enter note:
Enter note: You start resting.
Grinder is nearby!
Grinder hits you.
You writhe in agony.
You hit Grinder but do no damage. You claw Grinder.
Grinder is moderately wounded.
Grinder hits you.
You writhe in agony.
You barely miss Grinder. Your kick misses Grinder. Your peck misses Grinder.
Grinder is moderately wounded.
Grinder gestures at you. You resist with significant effort.
You closely miss Grinder. You claw Grinder. You peck Grinder.
You punch Grinder, but do no damage.
Grinder is heavily wounded.
Grinder hits you.
You writhe in agony.
You die...

#. #.. #.# #.##########
########.##.......#
#.............# ####
#.............###..!..
###.............5......#
..'.......>.....@####.#
###........###........#
...#######.# #....#####
...# #+# #....# ...#
#.....# ...# #...#..
...##.............#..
.................. ..
##............... #<


You could see Grinder.

Vanquished Creatures
  Sigmund (D:3)
  An orc priest (D:3)
  4 gnolls (D:3)
  5 adders
  3 dart slugs
  2 orcs (D:3)
  2 bats
  2 endoplasms
  2 giant cockroaches
  3 goblins
  5 hobgoblins
  5 kobolds
  4 quokkas
  7 ball pythons
  2 frilled lizards
  7 rats (D:1)
55 creatures vanquished.

Vanquished Creatures (others)
  5 plants (D:3)
5 creatures vanquished.

Grand Total: 60 creatures vanquished

Notes
Turn   | Place    | Note
-------+----------+-------------------------------------------
     0 | D:1      | qw the Tengu Warper began the quest for the Orb.
     0 | D:1      | Reached XP level 1. HP: 12/12 MP: 4/4
     0 | D:1      | 0 ||| qw: Version: 0.1-a-89-g26bdef1
     0 | D:1      | 0 ||| qw: Game counter: 226
     0 | D:1      | 0 ||| qw: Always use a shield: true
     0 | D:1      | 0 ||| qw: God list: Okawaru
     0 | D:1      | 0 ||| qw: Allow faded altars: false
     0 | D:1      | 0 ||| qw: Do Orc after D:15 true
     0 | D:1      | 0 ||| qw: Do second Lair branch before Depths: true
     0 | D:1      | 0 ||| qw: Lair rune preference: random
     0 | D:1      | 0 ||| qw: Plans: Normal
     0 | D:1      | 0 ||| PLANNING D:1-11
    71 | D:1      | Found a faded altar of an unknown god.
    72 | D:1      | 72 ||| Stepping ~*~*~tactically~*~*~ (stealth).
   274 | D:1      | 274 ||| Stepping ~*~*~tactically~*~*~ (stealth).
   312 | D:1      | Reached skill level 3 in Axes
   312 | D:1      | Reached XP level 2. HP: 17/17 MP: 6/6
   754 | D:1      | 754 ||| Stepping ~*~*~tactically~*~*~ (stealth).
   773 | D:1      | 773 ||| Stepping ~*~*~tactically~*~*~ (stealth).
   774 | D:1      | 774 ||| Stepping ~*~*~tactically~*~*~ (stealth).
   776 | D:1      | 776 ||| Stepping ~*~*~tactically~*~*~ (stealth).
   777 | D:1      | 777 ||| Stepping ~*~*~tactically~*~*~ (stealth).
   778 | D:1      | 778 ||| Stepping ~*~*~tactically~*~*~ (stealth).
   780 | D:1      | 780 ||| Stepping ~*~*~tactically~*~*~ (stealth).
   783 | D:1      | 783 ||| Stepping ~*~*~tactically~*~*~ (stealth).
   791 | D:1      | 791 ||| Stepping ~*~*~tactically~*~*~ (stealth).
   794 | D:1      | 794 ||| Stepping ~*~*~tactically~*~*~ (stealth).
   876 | D:1      | Reached XP level 3. HP: 21/21 MP: 7/7
  1288 | D:1      | 1288 ||| READING scroll labelled BAILITEH KAWUA.
  1289 | D:1      | 1289 ||| DROPPING scroll of blinking.
  1329 | D:2      | Reached skill level 4 in Axes
  1848 | D:2      | Reached XP level 4. HP: 23/26 MP: 8/8
  2398 | D:2      | 2398 ||| UPGRADING to +0 scale mail.
  2408 | D:2      | 2408 ||| DROPPING +0 leather armour.
  2502 | D:3      | Found Kurodoxt's Antique Armour Shop.
  2507 | D:3      | 2507 ||| BUYING chain mail (72 gold).
  2507 | D:3      | Bought a chain mail for 72 gold pieces
  2507 | D:3      | 2507 ||| SHOPLISTING embroidered cloak (120 gold, have 28).
  2507 | D:3      | 2507 ||| SHOPLISTING glowing ice dragon scales (1008 gold,
                  | have 28).
  2510 | D:3      | Noticed Sigmund
  2511 | D:3      | 2511 ||| Stepping ~*~*~tactically~*~*~ (hiding).
  2513 | D:3      | 2513 ||| Stepping ~*~*~tactically~*~*~ (hiding).
  2514 | D:3      | 2514 ||| Stepping ~*~*~tactically~*~*~ (hiding).
  2532 | D:3      | Killed Sigmund
  2533 | D:3      | Reached skill level 6 in Axes
  2533 | D:3      | Gained mutation: Your magical nature lets you fly swiftly
                  | and evasively. [Tengu growth]
  2533 | D:3      | Reached XP level 5. HP: 16/30 MP: 9/9
  2533 | D:3      | Reached XP level 6. HP: 19/35 MP: 10/10
  2685 | D:3      | 2685 ||| Stepping ~*~*~tactically~*~*~ (stealth).
  2687 | D:3      | 2687 ||| Stepping ~*~*~tactically~*~*~ (hiding).
  2697 | D:3      | Reached skill level 7 in Axes
  2749 | D:3      | 2749 ||| Stepping ~*~*~tactically~*~*~ (hiding).
  2752 | D:3      | 2752 ||| Stepping ~*~*~tactically~*~*~ (hiding).
  2768 | D:3      | HP: 8/35 [gnoll/+0 club (1)]
  3017 | D:3      | 3017 ||| DROPPING +0 club.
  3037 | D:3      | 3037 ||| DROPPING +1 whip of freezing.
  3145 | D:3      | 3145 ||| DROPPING +1 hammer of draining.
  3146 | D:3      | Found a runed translucent door.
  3147 | D:3      | Noticed Crazy Yiuf
  3747 | D:3      | 3747 ||| UPGRADING to +0 chain mail.
  3757 | D:3      | 3757 ||| DROPPING +0 scale mail.
  3758 | D:3      | 3758 ||| UPGRADING to ring of resist corrosion.
  3759 | D:3      | 3759 ||| READING scroll labelled MUEQOKK ACWEADWAMU.
  3760 | D:3      | 3760 ||| READING scroll labelled ISOZETATSOL.
  3834 | D:3      | 3834 ||| READING scroll labelled INIPHOS ETIAR WAA.
  3835 | D:3      | 3835 ||| DRINKING 2 clear potions.
  3870 | D:3      | 3870 ||| DROPPING potion of lignification.
  4033 | D:4      | Found a staircase to the Ecumenical Temple.
  4034 | D:4      | 4034 ||| PLANNING TEMPLE
  4034 | D:4      | 4034 ||| DROPPING amulet of magic regeneration.
  4035 | D:4      | 4035 ||| READING scroll labelled JURIPOE SUGODI.
  4042 | Temple   | Entered the Ecumenical Temple
  4317 | Temple   | Became a worshipper of Warmaster Okawaru
  4447 | Temple   | 4447 ||| PLANNING D:1-11
  4567 | D:4      | Noticed Grinder
  4568 | D:4      | 4568 ||| Stepping ~*~*~tactically~*~*~ (hiding).
  4570 | D:4      | 4570 ||| Stepping ~*~*~tactically~*~*~ (hiding).
  4575 | D:4      | 4575 ||| Stepping ~*~*~tactically~*~*~ (hiding).
  4576 | D:4      | 4576 ||| Stepping ~*~*~tactically~*~*~ (hiding).
  4581 | D:4      | HP: 8/36 [Grinder (6)]
  4583 | D:4      | Slain by Grinder

Levels and vault maps discovered:
D:1:      saegor_arrival_simple_e, layout_loops_ring,
          hellmonk_ecumenical_altar_blasted
D:2:      minmay_door_path, layout_loops_ring
D:3:      cheibrodos_old_hovel, layout_basic, serial_shops, shop,
          uniq_crazy_yiuf_cottage, uniq_sigmund
D:4:      layout_basic, minmay_temple_entry_hall, uniq_grinder
Temple:   mainiacjoe_temple_trianglar_array

Skill      XL: |  1  2  3  4  5  6 |
---------------+-------------------+-----
Axes           | 3 4 6 7 |  7.0
Fighting       | |  2.8
Throwing       | |  1.0
Armour         | |  1.2
Dodging        | |  2.1
Spellcasting   | |  2.0
Translocations | |  2.4

Action                   |  1- 3 |  4- 6 || total
-------------------------+-------+-------++-------
Melee: Hand axe          |    68 |    73 ||   141
       Kick              |    14 |    25 ||    39
       Peck              |     6 |     9 ||    15
       Punch             |       |     1 ||     1
Throw: Boomerang         |     7 |       ||     7
       Javelin           |     8 |    17 ||    25
  Use: Scroll            |     1 |     4 ||     5
       Potion            |       |     1 ||     1
Armor: Leather armour    |    18 |     4 ||    22
       Scale mail        |       |    10 ||    10
       Chain mail        |       |     4 ||     4
Dodge: Dodged            |    28 |    28 ||    56

Table legend:
 A = Non-vault XP
 B = Vault XP
 C = Vault XP percentage of total XP
 D = Non-vault monster count
 E = Vault monster count
 F = Vault count percentage of total count
                 A         B        C        D         E       F
            +---------+---------+-------+---------+---------+-------
      Total |     234 |     255 |  52.1 |      50 |       5 |   9.1
            +---------+---------+-------+---------+---------+-------
        D:1 |      42 |       0 |   0.0 |      24 |       0 |   0.0
        D:2 |      48 |       7 |  12.7 |       8 |       3 |  27.3
        D:3 |     135 |     248 |  64.8 |      13 |       2 |  13.3
        D:4 |       9 |       0 |   0.0 |       5 |       0 |   0.0
            +---------+---------+-------+---------+---------+-------
